 Dungeon Crawl Stone Soup version 0.27-a0-92-g39ad13b146 (webtiles) character file.

Game seed: 13244350182238537588

2262283 gameguard the Demonologist (level 27, 124/229 HPs)
             Began as a Demonspawn Artificer on Jan 15, 2021.
             Was the Champion of Hepliaklqana.
             Escaped with the Orb
             ... and 4 runes on Jan 16, 2021!
             The game lasted 03:52:17 (76911 turns).

gameguard the Demonologist (Demonspawn Artificer)  Turns: 76911, Time: 03:52:18

Health: 124/229    AC: 15    Str: 20    XL:     27
Magic:  21/49      EV: 22    Int: 34    God:    Hepliaklqana [******]
Gold:   7141       SH: 16    Dex: 16    Spells: 1/52 levels left

rFire    + + +     SeeInvis +   a - +9 demon trident (elec)
rCold    + + +     Faith    .   k - +2 shield of Resistance {rF++ rC++ Will++}
rNeg     + . .     Spirit   +   E - +1 ring mail of the Dolphin {+Inv Int+5 SInv}
rPois    +         Reflect  .   (helmet unavailable)
rElec    +         Harm     .   l - +2 cloak {rPois}
rCorr    .         Rampage  .   R - +0 pair of gloves of the Other Side {MP+9}
Will     ++++.     Rnd*Rage +   K - +2 pair of boots {Fly}
Stlth    +.........             w - amulet of regeneration
HPRegen  0.88/turn              S - ring of Hayfolun {rElec rC+ rN+ Str+3 Int+2}
MPRegen  0.62/turn              q - ring of wizardry

@: dragon's call, studying Necromancy
A: reduced essence, antennae 3, talons 1, berserk 1, clever 1, cold resistance
1, fire resistance 1, hurl damnation, poison resistance, robust 1, spiny 3,
evolution 1, magic shield, magic regeneration, magic link, flame cloud immunity,
big brain 3
0: Orb of Zot
}: 4/15 runes: barnacled, slimy, silver, gossamer
a: Hurl Damnation, Renounce Religion, Evoke Invisibility, Evoke Flight, Recall
Ancestor, Ancestor Identity, Transference, Idealise


You escaped.
You worshipped Hepliaklqana.
Hepliaklqana was exalted by your worship.
You visited 12 branches of the dungeon, and saw 58 of its levels.
You visited 1 ziggurat, and saw 10 of its levels.
You also visited: Sewer and Ice Cave.

You collected 11794 gold pieces.
You spent 4653 gold pieces at shops.

Inventory:

Hand Weapons
 a - a +9 demon trident of electrocution (weapon)
 b - the +12 Vampire's Tooth {vamp}
   (You found it on level 5 of a ziggurat)

   It inflicts no extra harm, but heals its wielder when it wounds a living foe.
Missiles
 F - 4 curare-tipped darts (quivered)
Armour
 k - the +2 shield of Resistance (worn) {rF++ rC++ Will++}
   (You found it on level 14 of the Dungeon)

   It greatly protects you from fire.
   It greatly protects you from cold.
   It affects your willpower, your defense against some magical effects.
 l - a +2 cloak of poison resistance (worn)
 E - the +1 ring mail of the Dolphin (worn) {+Inv Int+5 SInv}
   (You found it on level 5 of the Pits of Slime)

   It affects your intelligence (+5).
   It lets you see invisible.
   It lets you turn invisible.
 K - a +2 pair of boots of flying (worn)
 R - the +0 pair of gloves of the Other Side (worn) {MP+9}
   (You found it on level 5 of the Vaults)

   It affects your magic capacity (+9).
Jewellery
 p - an uncursed ring of resist corrosion
 q - a ring of wizardry (right hand)
 w - an amulet of regeneration (around neck)
 S - the ring of Hayfolun (left hand) {rElec rC+ rN+ Str+3 Int+2}
   (You found it on level 3 of the Crypt)

   [ring of positive energy]

   It affects your strength (+3).
   It affects your intelligence (+2).
   It protects you from cold.
   It insulates you from electricity.
   It protects you from negative energy.
 W - an uncursed ring of fire
Wands
 d - a wand of enslavement (23)
 e - a wand of iceblast (50)
 G - a wand of acid (10)
 H - a wand of paralysis (62)
 I - a wand of digging (30)
Scrolls
 c - 5 scrolls of blinking
 h - 26 scrolls of remove curse
 r - 7 scrolls of enchant armour
 s - 18 scrolls of fear
 t - 20 scrolls of teleportation
 u - 11 scrolls of immolation
 y - a scroll of summoning
 z - 14 scrolls of fog
 C - 25 scrolls of identify
 N - 6 scrolls of vulnerability
 X - 7 scrolls of silence
 Z - 11 scrolls of magic mapping
Potions
 f - 4 potions of invisibility
 i - 15 potions of lignification
 m - 10 potions of heal wounds
 n - 8 potions of mutation
 o - 19 potions of curing
 v - 10 potions of attraction
 x - 11 potions of flight
 A - 5 potions of ambrosia
 D - 8 potions of might
 L - 7 potions of brilliance
 M - 6 potions of resistance
 P - 6 potions of haste
 Q - 4 potions of magic
 U - 4 potions of berserk rage
 V - 4 potions of cancellation
Books
 B - a manual of Necromancy
Miscellaneous
 g - a phantom mirror
 j - a phial of floods
 J - a condenser vane
 O - a tin of tremorstones (2/2)
 T - a box of beasts
 Y - a lightning rod (4/4)


   Skills:
 + Level 21.5 Fighting
 - Level 14.0 Polearms
 - Level 6.0 Armour
 + Level 16.2 Dodging
 - Level 0.8 Stealth
 - Level 15.0 Shields
 - Level 13.0 Spellcasting
 - Level 6.0 Hexes
 + Level 24.7 Summonings
 + Level 11.6 Necromancy
 - Level 9.0 Translocations
 - Level 11.0 Transmutations
 - Level 4.0 Air Magic
 - Level 13.0 Earth Magic
 - Level 15.0 Invocations
 - Level 11.0 Evocations


You had one spell level left.
You knew the following spells:

 Your Spells              Type           Power        Failure   Level
b - Statue Form           Tmut/Erth      54%          1%          6
d - Summon Mana Viper     Hex/Summ       90%          1%          5
e - Shadow Creatures      Summ           N/A          0%          6
f - Summon Forest         Summ/Tloc      47%          1%          5
g - Borgnjor's Vile Clut  Necr/Erth      41%          1%          5
k - Blink                 Tloc           N/A          1%          2
l - Passage of Golubria   Tloc           N/A          1%          4
q - Apportation           Tloc           100%         1%          1
r - Dragon's Call         Summ           56%          3%          9
s - Summon Guardian Gole  Hex/Summ       90%          0%          3
t - Lee's Rapid Deconstr  Erth           42%          1%          5

Your spell library contained the following spells:

 Spells                   Type           Power        Failure   Level
 Sandblast                Erth           100%         0%          1
 Summon Small Mammal      Summ           100%         0%          1
 Animate Skeleton         Necr           100%         1%          1
 Corona                   Hex            64%          1%          1
 Foxfire                  Conj/Fire      88%          1%          1
 Freeze                   Ice            88%          1%          1
 Magic Dart               Conj           88%          1%          1
 Pain                     Necr           100%         1%          1
 Shock                    Conj/Air       100%         1%          1
 Call Imp                 Summ           100%         0%          2
 Call Canine Familiar     Summ           100%         0%          3
 Summon Demon             Summ           56%          0%          5
 Corpse Rot               Necr/Air       N/A          1%          2
 Ensorcelled Hibernation  Hex/Ice        84%          1%          2
 Passwall                 Tmut/Erth      67%          1%          2
 Poisonous Vapours        Pois/Air       70%          1%          2
 Searing Ray              Conj           44%          1%          2
 Slow                     Hex            58%          1%          2
 Sublimation of Blood     Necr           39%          1%          2
 Confusing Touch          Hex            58%          1%          3
 Dazzling Flash           Conj/Hex       84%          1%          3
 Gell's Gravitas          Tloc           35%          1%          3
 Ignite Poison            Fire/Tmut/Pois 47%          1%          3
 Inner Flame              Hex/Fire       42%          1%          3
 Lesser Beckoning         Tloc           35%          1%          3
 Mephitic Cloud           Conj/Pois/Air  31%          1%          3
 Static Discharge         Conj/Air       35%          1%          3
 Stone Arrow              Conj/Erth      100%         1%          3
 Teleport Other           Tloc           70%          1%          3
 Tukima's Dance           Hex            58%          1%          3
 Vampiric Draining        Necr           39%          1%          3
 Animate Dead             Necr           39%          1%          4
 Cause Fear               Hex            29%          1%          4
 Dispel Undead            Necr           79%          1%          4
 Ice Form                 Ice/Tmut       56%          1%          4
 Iskenderun's Mystic Bla  Conj/Tloc      51%          1%          4
 Leda's Liquefaction      Hex/Erth       36%          1%          4
 Petrify                  Tmut/Erth      81%          1%          4
 Summon Ice Beast         Ice/Summ       82%          1%          4
 Summon Lightning Spire   Summ/Air       88%          1%          4
 Agony                    Necr           79%          1%          5
 Excruciating Wounds      Necr           39%          1%          5
 Yara's Violent Unravell  Hex/Tmut       34%          1%          5
 Death Channel            Necr           39%          1%          6
 Hydra Form               Tmut           38%          1%          6
 Haunt                    Necr/Summ      49%          1%          7
 Summon Hydra             Summ           56%          1%          7
 Conjure Flame            Conj/Fire      22%          2%          3
 Frozen Ramparts          Ice            44%          2%          3
 Ozocubu's Armour         Ice            22%          2%          3
 Fulminant Prism          Conj/Hex       21%          2%          4
 Alistair's Intoxication  Tmut/Pois      37%          2%          5
 Irradiate                Conj/Tmut      28%          2%          5
 Silence                  Hex/Air        27%          3%          5
 Bolt of Magma            Conj/Fire/Erth 25%          4%          5
 Spellforged Servitor     Conj/Summ      41%          4%          7
 Metabolic Englaciation   Hex/Ice        21%          7%          5
 Dragon Form              Tmut           38%          8%          7
 Hailstorm                Conj/Ice       22%          9%          4
 Sticky Flame             Conj/Fire      22%          9%          4
 Iron Shot                Conj/Erth      30%          9%          6
 Lightning Bolt           Conj/Air       17%          11%         5
 Invisibility             Hex            58%          11%         6
 Simulacrum               Ice/Necr       29%          12%         6
 Eringya's Noxious Bog    Tmut/Pois      28%          13%         6
 Fireball                 Conj/Fire      11%          21%         5
 Borgnjor's Revivificati  Necr           39%          38%         8
 Infestation              Necr           39%          38%         8
 Necromutation            Tmut/Necr      39%          43%         8
 Conjure Ball Lightning   Conj/Air       17%          45%         6
 Freezing Cloud           Conj/Ice/Air   15%          54%         6
 Ozocubu's Refrigeration  Ice            11%          71%         6
 Starburst                Conj/Fire      11%          71%         6
 Shatter                  Erth           42%          96%         9
 Discord                  Hex            29%          98%         8
 Death's Door             Necr           39%          99%         9
 Ignition                 Fire           11%          100%        8
 Tornado                  Air            24%          100%        9


Dungeon Overview and Level Annotations

Branches:
Dungeon (15/15)            Temple (1/1) D:7            Lair (6/6) D:11
 Shoals (4/4) Lair:2       Spider (4/4) Lair:3        Slime (5/5) Lair:5
    Orc (2/2) D:12            Elf (3/3) Orc:2        Vaults (5/5) D:14
  Crypt (3/3) Vaults:3       Tomb (0/3) Crypt:3      Depths (5/5) D:15
    Zot (5/5) Depths:5      Sewer (visited)           IceCv (visited)

Altars:
Cheibriados
Dithmenos
Fedhas
Gozag
Hepliaklqana
Okawaru
Qazlal
Sif Muna
Trog
Uskayaw
Vehumet
Yredelemnul
Zin
Beogh
Jiyva

Shops:
D:9 }   D:10 ?   D:11 !   Orc:2 [:*(   Shoals:2 *   Vaults:1 !   Vaults:2 =
Vaults:3 (   Depths:1 =}=

Portals:
Hell: Depths:1 Depths:2 Depths:3 Depths:4 Depths:5
Abyss: Depths:1 Depths:3 Depths:4
Pandemonium: Depths:3

Annotations:
D:13 3 runed translucent doors, exclusions: 3 doors and obsidian statue, dickylongcocking's ghost, journeyman DsNe
Elf:2 5 runed translucent doors
Depths:5 3 runed translucent doors, exclusion: 3 doors, Usuebad's ghost, adept DgCj
Zot:3 20 runed doors


Innate Abilities, Weirdness & Mutations

You have a pair of large antennae on your head. (SInv)
Your flesh is heat resistant. (rF+)
You can hurl damnation.
You are completely covered in sharp spines.
When hurt, damage is shared between your health and your magic reserves.
You regenerate magic rapidly.
When low on magic, you restore magic in place of health.
You are immune to clouds of flame.
You have an absolutely massive brain. (Int +6, Wiz)
Your life essence is reduced to manifest your ancestor. (-10% HP)
You have sharp toenails.
You tend to lose your temper in combat.
Your mind is acute. (Int +2)
Your flesh is cold resistant. (rC+)
Your system is resistant to poisons. (rPois)
You are robust. (+10% HP)
You evolve.


Message History

You can once more reach out to the dragon horde.
Casting: Summon Mana Viper (safe; 1% risk of failure)
Confirm with . or Enter, or press ? or * to list all spells.
You call out to the draconic realm, and the dragon horde roars back!
A dragon arrives to answer your call!
There is a staircase leading out of the dungeon here.
A dragon arrives to answer your call!
Your mana viper disappears in a puff of smoke!
Dagmar hits the large abomination with a +0 lajatang of freezing!!
Dagmar freezes the large abomination.
The large abomination hits your storm dragon!!
Your storm dragon completely misses the large abomination.
Your storm dragon claws the large abomination but does no damage.
Your storm dragon tramples the large abomination but does no damage.
A dragon arrives to answer your call!
Dagmar loses the glow of perfection.
Dagmar hits the large abomination with a +0 lajatang of freezing!
Dagmar freezes the large abomination.
The large abomination is destroyed!
You have escaped!

#.#.#..######.............
#..................{R.....
#...#.......#.R...{.....##
#..###.....###.#........#
#..{#.......#..#........#
#...........D..#........#
#.....[>#......##########
#......###D....#
#.......#@D....#
#..............#
#...#.......#..#
#..###.....###.#
#...#.......#..#
##.............# ####
############### #... #...
#...


You could see the friendly Dagmar the battlemage (wandering), a friendly golden
dragon (summoned), a friendly storm dragon (summoned) and a friendly quicksilver
dragon (summoned).

Vanquished Creatures
  the Royal Jelly (Slime:5)
  A juggernaut (Depths:3)
  A Killer Klown (Zot:3)
  A curse toe (Zot:3)
  Frederick (Crypt:1)
  Saint Roka (Vaults:1)
  A caustic shrike (Depths:3)
  Nikola (Shoals:1)
  2 golden dragons (Vaults:5)
  A bone dragon (Depths:5)
  16 tentacled monstrosities
  Jorgrun (Orc:2)
  7 liches
  An Ice Fiend (IceCv)
  6 titans
  2 Orb Guardians (Zot:5)
  A quicksilver dragon (Zot:3)
  16 acid blobs
  A deep elf master archer (Elf:3)
  Frances (Shoals:1)
  4 sphinxes
  2 death cobs
  4 tengu reavers
  7 shadow dragons
  14 azure jellies
  3 draconian monks
  A revenant (Zig:7)
  9 storm dragons
  7 fire giants
  An orc warlord (Orc:2)
  A fire giant (shapeshifter) (Depths:3)
  4 frost giants
  14 vault wardens
  8 deep elf sorcerers
  An iron dragon (Depths:3)
  3 draconian knights
  A ghost moth (shapeshifter) (Depths:3)
  3 ghost moths
  4 draconian stormcallers
  2 deep elf elementalists (Elf:3)
  3 draconian scorchers
  4 ghouls
  2 emperor scorpions (Spider:4)
  A draconian shifter (Depths:5)
  A spriggan defender (Depths:3)
  2 curse skulls (Crypt:2)
  8 ironheart preservers
  24 very ugly things
  A caustic shrike skeleton (Depths:3)
  A draconian annihilator (Zot:3)
  9 stone giants
  4 war gargoyles
  A green draconian (Zot:4)
  4 vampire knights
  2 deep elf demonologists
  3 white draconians
  3 black draconians
  2 entropy weavers
  2 spark wasps
  4 dire elephants (Lair:6)
  4 purple draconians
  3 yellow draconians
  6 deep elf annihilators
  4 merfolk javelineers
  5 deep elf death magi
  4 eidola
  5 red draconians
  A minotaur (shapeshifter) (Vaults:5)
  2 crystal guardians (Crypt:3)
  8 death oozes (Slime:5)
  6 merfolk impalers
  A fire dragon (shapeshifter) (Elf:1)
  7 ettins
  7 fire dragons
  12 yaktaur captains
  3 jiangshi (Crypt:1)
  Fannar (D:10)
  8 boulder beetles
  22 vault guards
  Josephine (Lair:5)
  9 great orbs of eyes
  4 deep elf high priests
  5 hydras
  4 rakshasas
  A spriggan air mage (Depths:3)
  11 ice dragons
  A queen ant (Lair:2)
  A nameless horror (Zot:1)
  A merfolk avatar (Zig:10)
  7 centaur warriors
  34 two-headed ogres
  3 alligator snapping turtles
  An anaconda (Lair:6)
  2 satyrs
  2 deep troll earth magi
  3 death yaks
  3 deep troll shamans
  A hell hog (Depths:4)
  13 ogre magi
  4 merfolk aquamancers
  5 death scarabs (Spider:4)
  4 tengu warriors
  2 spriggan berserkers
  An orc high priest (Orc:2)
  10 dancing weapons
  4 vampire magi
  2 large abominations (Zig:5)
  A soul eater (Vaults:3)
  A spriggan (Depths:3)
  A storm dragon zombie (Crypt:1)
  2 iron trolls (Depths:2)
  11 deep elf knights
  A shadow wraith (Depths:4)
  11 sea snakes
  11 skeletal warriors
  An anaconda zombie (Crypt:1)
  14 deep trolls
  3 shadow demons (Depths:4)
  9 hell knights
  A storm dragon skeleton (Crypt:3)
  2 golden dragon zombies (Crypt:3)
  A quicksilver dragon simulacrum (Crypt:2)
  A bunyip zombie (Crypt:1)
  A flayed ghost (Depths:2)
  A swamp dragon (Zig:9)
  4 starcursed masses (Zig:5)
  5 glowing orange brains
  4 unseen horrors
  9 deep elf archers
  A golden dragon skeleton (Crypt:3)
  3 bog bodies
  2 wizards
  6 ironbrand convokers
  3 phantasmal warriors
  2 anaconda skeletons
  Pikel (D:8)
  An orb spider (shapeshifter) (Depths:1)
  3 wolf spider zombies
  A fire giant zombie (Crypt:3)
  11 necromancers
  14 orb spiders
  11 orc knights
  22 wolf spiders
  4 spectral wolf spiders (Spider:4)
  7 cyclopes
  35 deep elf magi
  4 orc sorcerers (Orc:2)
  18 harpies
  7 manticores
  12 fauns
  19 ugly things
  A stone giant zombie (Crypt:1)
  An iron dragon skeleton (Crypt:3)
  22 moths of wrath
  3 human skeletons
  9 elephants (Lair:6)
  3 black mambas
  A rust devil (Zig:1)
  10 vault sentinels
  9 merfolk sirens
  An elf zombie (Vaults:5)
  A black mamba (shapeshifter) (Depths:2)
  8 water nymphs
  A gargoyle (D:14)
  An eye of devastation (Slime:5)
  4 cane toads
  A shock serpent skeleton (Crypt:1)
  2 human zombies (Vaults:2)
  A rime drake (Lair:2)
  2 spectral redbacks (Spider:4)
  5 komodo dragons
  51 yaktaurs
  A catoblepas zombie (Crypt:3)
  3 tengu conjurers
  A komodo dragon (shapeshifter) (Depths:1)
  10 demonic crawlers
  A redback zombie (D:15)
  4 ice devils (IceCv)
  2 anaconda simulacra (IceCv)
  5 freezing wraiths
  2 red devils (Elf:1)
  A troll (Vaults:1)
  2 polar bears
  A polar bear (shapeshifter) (Vaults:4)
  A tengu simulacrum (Vaults:3)
  7 wind drakes
  30 jumping spiders
  23 merfolk
  13 hornets
  A jumping spider (shapeshifter) (Depths:3)
  A meliai (shapeshifter) (Depths:3)
  A tyrant leech (Depths:5)
  3 spectral tarantellas (Spider:4)
  8 blink frogs (Lair:6)
  57 slime creatures
  A snapping turtle (shapeshifter) (Zig:3)
  3 spectral jumping spiders (Spider:4)
  An ice dragon zombie (Crypt:2)
  9 dream sheep
  A jumping spider zombie (Spider:4)
  An ettin zombie (Vaults:5)
  5 snapping turtles
  An air elemental (Elf:1)
  An ice dragon skeleton (Crypt:2)
  A small abomination (Zig:5)
  6 shadows
  3 centaur simulacra
  22 flying skulls
  26 yaks
  17 tarantellas
  2 wyverns
  11 wraiths
  43 redbacks
  A ynoxinul (Zig:5)
  A dire elephant simulacrum (IceCv)
  14 water elementals
  A golden eye (Zig:5)
  A chaos spawn (Zig:3)
  A human (shapeshifter) (D:14)
  Grum (D:10)
  A death yak simulacrum (IceCv)
  2 basilisks
  A neqoxec (Zig:5)
  A vampire mosquito (D:14)
  2 iron troll simulacra (IceCv)
  3 wargs
  3 harpy simulacra (IceCv)
  A cane toad zombie (Crypt:1)
  8 hell hounds (Depths:4)
  16 soldier ants
  A spectral hornet (Spider:4)
  4 acid dragons
  A two-headed ogre skeleton (Crypt:1)
  11 water moccasins
  23 bullfrogs
  A merfolk skeleton (Crypt:3)
  A gelid demonspawn skeleton (Crypt:1)
  2 hydra simulacra (IceCv)
  A floating eye (shapeshifter) (D:14)
  An ice beast (D:14)
  31 orc warriors
  3 eyes of draining
  7 black bears
  5 necrophages
  An alligator simulacrum (IceCv)
  A black bear (shapeshifter) (Elf:2)
  2 sky beasts
  2 phantoms
  9 wolves
  13 centaurs
  29 ogres
  A tengu (shapeshifter) (Vaults:4)
  An elephant skeleton (Crypt:2)
  19 boggarts
  A lemure (D:8)
  4 big kobolds
  A hog skeleton (Crypt:1)
  5 battlemagi
  An earth elemental (Elf:1)
  A big kobold (shapeshifter) (Depths:3)
  A yaktaur zombie (Zig:2)
  A wyvern zombie (D:13)
  A komodo dragon skeleton (Crypt:2)
  Dowan (D:5)
  A hornet simulacrum (Vaults:1)
  6 scorpions
  A water moccasin skeleton (D:10)
  9 killer bees
  9 wights
  2 spriggan skeletons
  2 human simulacra
  A raiju skeleton (Crypt:1)
  2 howler monkeys
  A wolf skeleton (Crypt:2)
  A draconian simulacrum (IceCv)
  A quasit (D:10)
  2 bullfrog zombies
  A demonspawn zombie (Crypt:1)
  5 jellies
  2 centaur zombies
  3 hounds
  A bullfrog skeleton (Crypt:1)
  24 orc priests
  3 centaur skeletons
  2 gnoll shamans
  A black bear skeleton (Crypt:2)
  2 iguanas (D:12)
  13 orc wizards
  18 worker ants
  A spriggan simulacrum (IceCv)
  A wolf simulacrum (IceCv)
  A killer bee zombie (D:6)
  A sky beast zombie (Crypt:2)
  4 hound skeletons
  2 worker ant zombies
  13 gnolls
  3 naga simulacra (IceCv)
  11 adders
  A river rat (D:3)
  An ogre simulacrum (IceCv)
  13 white imps
  An ufetubus (IceCv)
  2 oozes
  An adder zombie (D:8)
  3 worms
  A worm (shapeshifter) (Vaults:4)
  2 dart slugs
  6 leopard geckos
  78 orcs
  A ball python (shapeshifter) (Vaults:4)
  2 ball pythons (D:1)
  11 giant cockroaches
  8 goblins
  6 hobgoblins
  12 jackals
  24 kobolds
  6 quokkas
  3 bats
  6 frilled lizards
  A jackal skeleton (D:5)
  8 rats
  A crawling corpse (Elf:3)
1829 creatures vanquished.

Vanquished Creatures (collateral kills)
  5 orbs of fire (Zot:5)
  Mara (Depths:2)
  10 ancient liches
  2 juggernauts
  4 Killer Klowns (Zot:5)
  A caustic shrike (Depths:3)
  4 golden dragons
  A profane servitor (Zig:7)
  A Brimstone Fiend (D:1)
  2 bone dragons
  2 iron giants (Zig:6)
  A Tzitzimitl (Depths:4)
  3 electric golems
  11 tentacled monstrosities
  An Ice Fiend (Zot:1)
  A lich (Crypt:3)
  25 Orb Guardians
  A deep elf blademaster (Elf:3)
  2 quicksilver dragons
  2 titans (Vaults:5)
  2 deep elf master archers (Elf:3)
  10 acid blobs
  An Executioner (D:12)
  4 sphinxes
  6 draconian monks
  Gastronok (Lair:3)
  9 storm dragons
  5 tengu reavers
  4 azure jellies
  7 shadow dragons
  3 fire giants
  2 draconian knights
  7 vault wardens
  A fenstrider witch (Zig:9)
  An iron dragon (Zig:6)
  7 deep elf sorcerers
  8 frost giants
  4 ghouls
  6 draconian scorchers
  A curse skull (Crypt:2)
  2 draconian stormcallers
  5 emperor scorpions
  3 deep elf elementalists
  4 draconian annihilators
  A corrupter (Zot:4)
  6 draconian shifters
  An ironheart preserver (Vaults:3)
  2 spriggan defenders
  A balrug (Zig:2)
  2 angels (D:1)
  2 reapers
  11 very ugly things
  8 stone giants
  2 war gargoyles (Crypt:3)
  7 vampire knights
  9 green draconians
  8 deep elf annihilators
  5 deep elf demonologists
  5 black draconians
  2 purple draconians (Zot:4)
  2 entropy weavers
  5 red draconians
  8 white draconians
  2 spark wasps
  4 yellow draconians
  2 dire elephants (Lair:6)
  2 merfolk javelineers
  2 deep elf death magi
  A green death (Zig:9)
  7 ettins
  A jiangshi (Depths:3)
  A death ooze (Slime:5)
  2 merfolk impalers
  6 vault guards (Vaults:5)
  8 deep elf high priests
  2 crystal guardians
  2 nameless horrors (Zot:1)
  6 yaktaur captains
  A monstrous demonspawn (Zot:4)
  3 great orbs of eyes
  7 fire dragons
  4 hydras
  7 ice dragons
  A spriggan air mage (Depths:5)
  5 rakshasas
  5 boulder beetles
  2 death knights
  2 alligator snapping turtles
  3 merfolk aquamancers
  18 two-headed ogres
  6 centaur warriors
  3 death scarabs (Spider:4)
  9 dancing weapons
  2 deep troll earth magi
  2 alligators (Zig:9)
  5 deep troll shamans
  2 satyrs
  2 tengu warriors
  4 ogre magi
  4 death yaks
  8 vampire magi
  A thrashing horror (Zig:5)
  A titan zombie (Crypt:3)
  2 spriggan berserkers (Depths:5)
  7 deep elf knights
  A storm dragon zombie (Crypt:2)
  2 soul eaters
  12 hell knights
  2 small abominations (Elf:3)
  A shock serpent (shapeshifter) (Depths:3)
  9 skeletal warriors
  9 shadow wraiths
  A goliath frog (Zig:9)
  A shadow demon (Zot:4)
  A spriggan druid (Zig:9)
  13 deep trolls
  2 wizards
  A sea snake (Zig:10)
  2 unseen horrors
  A gelid demonspawn (D:2)
  An obsidian statue (Zot:5)
  An infernal demonspawn (Zot:4)
  2 spectral wolf spiders (Spider:4)
  5 phantasmal warriors
  4 deep elf archers
  A wolf spider zombie (Spider:4)
  A lindwurm (Lair:5)
  7 necromancers
  5 orb spiders
  4 ironbrand convokers
  6 harpies
  5 orc knights
  A fire giant zombie (Crypt:3)
  2 orc sorcerers (Orc:2)
  10 wolf spiders
  19 ugly things
  4 manticores
  31 deep elf magi
  5 shining eyes
  A faun (Shoals:2)
  12 moths of wrath
  A will-o-the-wisp (Zig:9)
  A stone giant skeleton (Vaults:2)
  A salamander (shapeshifter) (Elf:2)
  3 elephants (Lair:6)
  2 merfolk sirens
  8 water nymphs
  A titan simulacrum (Vaults:5)
  5 vault sentinels
  A centaur zombie (D:13)
  A rust devil (Zig:1)
  3 eyes of devastation
  A hellion (Zot:3)
  A centaur skeleton (D:12)
  A storm dragon simulacrum (Vaults:1)
  An eye of devastation (shapeshifter) (Vaults:5)
  A kobold demonologist (D:14)
  4 cane toads
  2 komodo dragons
  30 yaktaurs
  5 torpor snails
  6 freezing wraiths
  A redback zombie (Spider:4)
  A spectral redback (Spider:4)
  3 tengu conjurers
  2 human skeletons
  An ice devil (IceCv)
  2 red devils (Elf:1)
  2 demonic crawlers
  3 tyrant leeches (Depths:5)
  2 golden dragon simulacra (IceCv)
  A meliai (shapeshifter) (Vaults:2)
  7 hornets
  9 jumping spiders
  2 trolls
  18 merfolk
  A spectral jumping spider (Spider:4)
  A hydra skeleton (Crypt:1)
  A human simulacrum (Vaults:2)
  An ice dragon zombie (Crypt:2)
  A battlemage (Depths:2)
  2 wind drakes (Shoals:4)
  50 slime creatures
  5 dream sheep
  3 snapping turtles
  4 spriggans
  3 wraiths
  5 redbacks
  A spriggan (shapeshifter) (D:14)
  7 water elementals
  An ettin skeleton (Vaults:5)
  16 flying skulls
  3 shadows (Depths:4)
  A redback (shapeshifter) (Depths:3)
  A yak (shapeshifter) (Depths:3)
  A tarantella (shapeshifter) (Vaults:2)
  9 tarantellas
  2 basilisks
  7 yaks
  A golden eye (shapeshifter) (Depths:3)
  2 fire elementals
  3 vampire mosquitoes (D:14)
  A large abomination (D:1)
  4 wargs
  6 soldier ants
  A hell hound (Zig:2)
  4 water moccasins
  An iron troll simulacrum (IceCv)
  2 sky beasts
  Duvessa (D:5)
  An ice beast (D:9)
  A sky beast (shapeshifter) (D:14)
  A black bear (D:10)
  10 orc warriors
  4 necrophages
  3 ettin simulacra
  An eye of draining (shapeshifter) (Depths:3)
  A human zombie (Vaults:3)
  2 eyes of draining
  3 boggarts
  A phantom (D:7)
  8 centaurs
  11 ogres
  A snapping turtle skeleton (Crypt:1)
  5 wolves
  2 big kobolds
  Blork the orc (Orc:2)
  5 bullfrogs
  An earth elemental (Elf:1)
  A wyvern skeleton (D:9)
  A hornet simulacrum (D:15)
  3 scorpions
  3 killer bees
  An elephant simulacrum (IceCv)
  4 wights
  A howler monkey (D:12)
  A jelly (D:12)
  An iron imp (Zig:1)
  6 orc priests
  3 hounds
  4 orc wizards
  An iguana (D:7)
  6 worker ants
  A statue (D:9)
  A polar bear simulacrum (IceCv)
  A centaur simulacrum (IceCv)
  An acid dragon skeleton (Crypt:2)
  An adder (D:2)
  A river rat (D:3)
  A shadow imp (D:5)
  5 white imps
  4 ufetubi
  An ooze (D:7)
  An adder zombie (D:8)
  3 leopard geckos
  16 orcs
  2 bats (D:2)
  4 giant cockroaches (Sewer)
  A goblin (D:2)
  3 jackals
  A quokka (D:6)
  A ball python (D:2)
  4 frilled lizards (Sewer)
  9 kobolds
  A quokka skeleton (Crypt:1)
  A rat (D:2)
  A rat skeleton (Crypt:1)
  5 crawling corpses (Elf:3)
1072 creatures vanquished.

Vanquished Creatures (others)
  A death cob (Zot:1)
  A draconian knight (Zot:4)
  An ettin (Depths:1)
  A spark wasp (Spider:4)
  A deep elf annihilator (Elf:3)
  2 yellow draconians (Zot:1)
  A merfolk aquamancer (Shoals:4)
  A deep troll (Vaults:3)
  An ugly thing (IceCv)
  A deep elf mage (Elf:3)
  A manticore (Spider:4)
  A bloated husk (Zig:9)
  A water elemental (Shoals:3)
  A fire elemental (Elf:1)
  An orc wizard (Orc:2)
  83 battlemagi
  2 foxfires (Zig:9)
  32 fungi
  158 plants
  33 snaplasher vines
324 creatures vanquished.

Grand Total: 3225 creatures vanquished

Notes
Turn   | Place    | Note
-------+----------+-------------------------------------------
     0 | D:1      | gameguard the Demonspawn Artificer began the quest for the
                  | Orb.
     0 | D:1      | Reached XP level 1. HP: 15/15 MP: 1/1
    85 | D:1      | Reached skill level 1 in Dodging
   291 | D:1      | Gained mutation: You have a pair of small antennae on your
                  | head. [demonic ancestry]
   291 | D:1      | Reached XP level 2. HP: 17/21 MP: 2/2
   753 | D:1      | Reached XP level 3. HP: 26/27 MP: 3/3
   973 | D:2      | Found a hazy altar of Hepliaklqana.
  1087 | D:2      | Became a worshipper of Hepliaklqana the Forgotten
  2130 | D:2      | Gained mutation: You are partially covered in sharp spines.
                  | [demonic ancestry]
  2130 | D:2      | Reached XP level 4. HP: 30/30 MP: 4/4
  2371 | D:2      | Reached * piety under Hepliaklqana
  2781 | D:3      | Found a glowing drain.
  2785 | Sewer    | Entered a sewer
  2932 | Sewer    | Reached XP level 5. HP: 23/36 MP: 5/5
  3682 | D:3      | Found a glowing silver altar of Zin.
  3684 | D:3      | Reached skill level 5 in Evocations
  3687 | D:3      | Gained mutation: You are mostly covered in sharp spines.
                  | [demonic ancestry]
  3687 | D:3      | Reached XP level 6. HP: 43/43 MP: 6/6
  4122 | D:3      | Reached skill level 1 in Polearms
  4526 | D:4      | Reached ** piety under Hepliaklqana
  4528 | D:4      | Remembered your ancestor Dagmar as a battlemage
  4868 | D:5      | Entered Level 5 of the Dungeon
  4868 | D:5      | Found a blossoming altar of Fedhas.
  4874 | D:5      | Reached XP level 7. HP: 49/49 MP: 7/7
  4884 | D:5      | Reached skill level 5 in Fighting
  5125 | D:5      | Identified the +3 dagger of Gozag's Hatred {vorpal, rF+}
  5218 | D:5      | Noticed Duvessa
  5218 | D:5      | Noticed Dowan
  5224 | D:5      | Killed Duvessa
  5225 | D:5      | Gained mutation: You have an unusually large brain. (Int
                  | +2) [demonic ancestry]
  5225 | D:5      | Reached XP level 8. HP: 56/56 MP: 8/8
  5641 | D:5      | Killed Dowan
  5885 | D:6      | Found a basalt altar of Yredelemnul.
  6318 | D:6      | Reached *** piety under Hepliaklqana
  6654 | D:7      | Reached skill level 1 in Shields
  6963 | D:7      | Found a staircase to the Ecumenical Temple.
  6965 | D:7      | Got a scorched ring mail
  6975 | Temple   | Entered the Ecumenical Temple
  6986 | Temple   | Identified the +3 ring mail "Tuuha" {rN+} (You found it on
                  | level 7 of the Dungeon)
  7028 | D:7      | Gained mutation: You have a pair of antennae on your head.
                  | [demonic ancestry]
  7028 | D:7      | Reached XP level 9. HP: 63/64 MP: 9/9
  7029 | D:7      | Reached skill level 5 in Polearms
  7314 | D:7      | Found a bloodstained altar of Trog.
  7413 | D:7      | Found a hide-covered altar of Uskayaw.
  7523 | D:7      | Found a stormy altar of Qazlal.
  7856 | D:7      | Found a snail-covered altar of Cheibriados.
  7896 | D:7      | Learned a level 2 spell: Blink
  7997 | D:8      | Noticed Pikel
  8011 | D:8      | Killed Pikel
  8141 | D:8      | Reached XP level 10. HP: 72/72 MP: 10/10
  8342 | D:8      | Found a hide-covered altar of Uskayaw.
  8732 | D:9      | Reached skill level 1 in Invocations
  8871 | D:9      | Reached **** piety under Hepliaklqana
  8890 | D:9      | Found Musim's Gadget Boutique.
  8897 | D:9      | Bought a wand of disintegration (13) for 187 gold pieces
  8990 | D:9      | Reached skill level 5 in Shields
  9170 | D:9      | Found a radiant altar of Vehumet.
  9343 | D:10     | Entered Level 10 of the Dungeon
  9530 | D:10     | Noticed Grum
  9539 | D:10     | Killed Grum
  9906 | D:10     | Noticed a deep elf mage
  9947 | D:10     | Noticed a two-headed ogre
  9952 | D:10     | Killed a two-headed ogre
  9953 | D:10     | Gained mutation: When hurt, damage is shared between your
                  | health and your magic reserves. [demonic ancestry]
  9953 | D:10     | Reached XP level 11. HP: 81/81 MP: 14/14
 10152 | D:10     | Noticed Fannar
 10211 | D:10     | Killed a deep elf mage
 10363 | D:10     | Found Bosausi's Magic Scroll Boutique.
 10370 | D:10     | Bought a scroll of identify for 28 gold pieces
 10370 | D:10     | Bought a scroll of identify for 28 gold pieces
 10370 | D:10     | Bought a scroll of identify for 28 gold pieces
 10370 | D:10     | Bought a scroll of teleportation for 42 gold pieces
 10370 | D:10     | Bought a scroll of fog for 28 gold pieces
 10370 | D:10     | Bought a scroll of identify for 28 gold pieces
 10370 | D:10     | Bought a scroll of identify for 28 gold pieces
 10375 | D:10     | Bought a scroll of identify for 28 gold pieces
 10648 | D:10     | Killed Fannar
 10649 | D:10     | Reached skill level 10 in Fighting
 10728 | D:11     | Found Dosaf's Distillery.
 10732 | D:11     | Bought a potion of berserk rage for 70 gold pieces
 10732 | D:11     | Bought a potion of curing for 42 gold pieces
 10779 | D:11     | Noticed a boulder beetle
 10792 | D:11     | Killed a boulder beetle
 10800 | D:11     | Noticed a deep elf mage
 10804 | D:11     | Killed a deep elf mage
 10969 | D:11     | Killed an unseen horror
 10969 | D:11     | Noticed Sonja
 10970 | D:11     | Noticed Sonja
 10970 | D:11     | Sonja changed into Sonja the hornet
 10982 | D:10     | Paralysed by Sonja for 1 turns
 10985 | D:10     | Paralysed by Sonja for 2 turns
 10989 | D:10     | Killed Sonja the hornet
 11155 | D:11     | Reached ***** piety under Hepliaklqana
 11160 | D:11     | Found a staircase to the Lair.
 11175 | D:11     | Killed an unseen horror
 11881 | Lair:1   | Entered Level 1 of the Lair of Beasts
 11949 | Lair:1   | Noticed a death yak
 11955 | Lair:1   | Killed a death yak
 12140 | Lair:1   | Reached XP level 12. HP: 89/89 MP: 15/15
 12142 | Lair:1   | Reached skill level 5 in Invocations
 12676 | Lair:2   | Found a staircase to the Shoals.
 13460 | Lair:3   | Reached ****** piety under Hepliaklqana
 13682 | Lair:3   | Noticed a queen ant
 13708 | Lair:2   | Killed a queen ant
 13908 | Lair:3   | Noticed Gastronok
 13919 | Lair:3   | Killed Gastronok
 14148 | Lair:3   | Found a hole to the Spider Nest.
 14181 | Lair:3   | Noticed a seven-headed hydra
 14188 | Lair:3   | Killed a seven-headed hydra
 14774 | Lair:4   | Reached skill level 10 in Polearms
 14868 | Lair:4   | Gained mutation: You have a pair of large antennae on your
                  | head. (SInv) [demonic ancestry]
 14868 | Lair:4   | Reached XP level 13. HP: 73/95 MP: 14/18
 15975 | Lair:5   | Noticed Urug
 15979 | Lair:5   | Noticed Urug
 15979 | Lair:5   | Urug changed into Urug the soldier ant
 15984 | Lair:5   | Killed Urug the soldier ant
 16344 | Lair:5   | Noticed Josephine
 16353 | Lair:5   | Killed Josephine
 16530 | Lair:5   | Found a staircase to the Slime Pits.
 16531 | Lair:5   | Found a viscous altar of Jiyva.
 16800 | Lair:6   | Entered Level 6 of the Lair of Beasts
 16818 | Lair:6   | Reached skill level 10 in Evocations
 17672 | Lair:6   | Reached skill level 10 in Shields
 17672 | Lair:6   | Reached skill level 10 in Invocations
 18292 | Lair:6   | Gained mutation: You regenerate magic rapidly. [demonic
                  | ancestry]
 18292 | Lair:6   | Reached XP level 14. HP: 101/104 MP: 19/21
 19034 | D:12     | Found a staircase to the Orcish Mines.
 19062 | D:12     | You fall into a shaft and drop 3 floors!
 19062 | D:15     | Entered Level 15 of the Dungeon
 19411 | D:15     | Found a shimmering blue altar of Sif Muna.
 19493 | D:13     | Noticed Maurice
 19494 | D:13     | Noticed Maurice
 19494 | D:13     | Maurice changed into Maurice the wolf
 19500 | D:13     | Killed Maurice the wolf
 20476 | Orc:1    | Entered Level 1 of the Orcish Mines
 20832 | Orc:2    | Entered Level 2 of the Orcish Mines
 20847 | Orc:2    | Found a staircase to the Elven Halls.
 21121 | Orc:2    | Found a roughly hewn altar of Beogh.
 21194 | Orc:2    | Noticed an orc warlord
 21419 | Orc:2    | Killed an orc warlord
 21678 | Orc:2    | Noticed Blork the orc
 21687 | Orc:2    | Killed Blork the orc
 21691 | Orc:2    | Found a roughly hewn altar of Beogh.
 21766 | Orc:2    | Found Lunodief's Book Emporium.
 21800 | Orc:2    | Found Boilud's Antique Armour Emporium.
 21931 | Orc:2    | Found a roughly hewn altar of Beogh.
 22199 | Orc:2    | Found Hitedd Iwol's General Store.
 22206 | Orc:2    | Bought a potion of heal wounds for 60 gold pieces
 22206 | Orc:2    | Bought a scroll of blinking for 90 gold pieces
 22206 | Orc:2    | Bought a wand of digging (9) for 312 gold pieces
 22206 | Orc:2    | Bought a potion of might for 48 gold pieces
 22206 | Orc:2    | Bought a scroll of teleportation for 36 gold pieces
 22206 | Orc:2    | Bought a potion of lignification for 36 gold pieces
 22215 | Orc:2    | Found Pirounayb's Antique Weapon Emporium.
 22363 | Orc:2    | Noticed Jorgrun
 22380 | Orc:2    | Killed Jorgrun
 22381 | Orc:2    | Reached XP level 15. HP: 80/112 MP: 15/22
 22573 | Orc:2    | Bought a scorched chain mail for 285 gold pieces
 22585 | Orc:2    | Identified the +2 chain mail of Glamorous Happiness {rF+
                  | Dex+3} (You bought it in a shop on level 2 of the Orcish
                  | Mines)
 22596 | Orc:2    | Bought a pair of runed boots for 225 gold pieces
 22678 | Orc:2    | Bought a scorched ring mail for 270 gold pieces
 22688 | Orc:2    | Identified the +4 ring mail of Inaction {rF++ Int+3 Dex+3
                  | Slay+2} (You bought it in a shop on level 2 of the Orcish
                  | Mines)
 23129 | D:13     | Found a runed translucent gate.
 23167 | D:13     | Found a runed translucent gate.
 23167 | D:13     | Found a runed translucent gate.
 23168 | D:13     | Found an opulent altar of Gozag.
 23173 | D:13     | Noticed dickylongcocking's ghost (journeyman DsNe)
 23175 | D:13     | Noticed a sphinx
 23177 | D:13     | Noticed a frost giant
 23439 | D:14     | Found a runed translucent door.
 23442 | D:14     | Found the +2 shield of Resistance {rF++ rC++ Will++}
 23490 | D:14     | Reached skill level 5 in Armour
 23962 | D:14     | Found a runed translucent door.
 24649 | D:14     | Found a gate to the Vaults.
 25420 | D:14     | Found a gate to the Vaults.
 25611 | Orc:2    | Learned a level 4 spell: Summon Lightning Spire
 25620 | Orc:2    | Learned a level 3 spell: Summon Guardian Golem
 26228 | D:15     | Reached skill level 1 in Spellcasting
 26228 | D:15     | Reached skill level 1 in Summonings
 26228 | D:15     | Reached skill level 1 in Translocations
 26230 | D:15     | Found a staircase to the Depths.
 26607 | Spider:1 | Entered Level 1 of the Spider Nest
 27414 | Spider:1 | Reached skill level 2 in Summonings
 27926 | Spider:1 | Got a distressingly furry leather armour
 27937 | Spider:1 | Identified the +1 leather armour "Qanlaodomp" {Will+ Str+2}
                  | (You found it on level 1 of the Spider Nest)
 28062 | D:9      | Bought a condenser vane for 440 gold pieces
 28062 | D:9      | Bought a tin of tremorstones (2/2) for 440 gold pieces
 28062 | D:9      | Bought a wand of enslavement (10) for 132 gold pieces
 29075 | Spider:3 | Gained mutation: When low on magic, you restore magic in
                  | place of health. [demonic ancestry]
 29075 | Spider:3 | Reached XP level 16. HP: 119/119 MP: 24/24
 29710 | Spider:3 | Reached skill level 3 in Summonings
 29794 | Spider:3 | Reached skill level 5 in Dodging
 30082 | Spider:4 | Entered Level 4 of the Spider Nest
 30480 | Spider:4 | Reached skill level 4 in Summonings
 31635 | Spider:4 | Reached skill level 5 in Summonings
 32474 | Spider:4 | Reached skill level 1 in Hexes
 32544 | Spider:4 | Reached skill level 1 in Air Magic
 32743 | Spider:4 | Got a gossamer rune of Zot
 32960 | Shoals:1 | Entered Level 1 of the Shoals
 33223 | Shoals:1 | Reached skill level 6 in Summonings
 33223 | Shoals:1 | Reached XP level 17. HP: 125/125 MP: 26/26
 33252 | Shoals:1 | Noticed Nikola
 33269 | Shoals:1 | Killed Nikola
 33427 | Shoals:1 | Noticed Frances
 33465 | Shoals:1 | Killed Frances
 34674 | Shoals:2 | Found Jixzioz's General Store.
 34982 | Shoals:3 | Reached skill level 7 in Summonings
 36109 | Shoals:4 | Entered Level 4 of the Shoals
 36153 | Shoals:4 | Reached skill level 8 in Summonings
 36179 | Shoals:4 | Got a barnacled rune of Zot
 36983 | Shoals:4 | Reached skill level 9 in Summonings
 36993 | Shoals:4 | Gained mutation: You have an extremely huge brain. (Int +4)
                  | [demonic ancestry]
 36993 | Shoals:4 | Reached XP level 18. HP: 98/131 MP: 25/27
 38556 | Vaults:1 | Entered Level 1 of the Vaults
 38778 | Vaults:1 | Reached skill level 10 in Summonings
 39315 | Vaults:1 | Noticed Saint Roka
 39348 | Vaults:1 | Killed Saint Roka
 39693 | Vaults:1 | Reached skill level 11 in Summonings
 40039 | Vaults:1 | Found a roughly hewn altar of Beogh.
 40068 | Vaults:1 | Reached skill level 15 in Shields
 40379 | Vaults:1 | Reached skill level 12 in Summonings
 40721 | Vaults:1 | Found Raock's Distillery.
 40729 | Vaults:1 | Bought a potion of curing for 54 gold pieces
 40933 | Vaults:1 | Learned a level 4 spell: Passage of Golubria
 41107 | Orc:2    | Bought a book of Summonings for 840 gold pieces
 41113 | Orc:2    | Learned a level 5 spell: Summon Forest
 41119 | Orc:2    | Learned a level 5 spell: Summon Mana Viper
 41362 | Vaults:2 | Found Gent's Jewellery Emporium.
 41974 | Vaults:2 | Gained mutation: Your flesh is heat resistant. (rF+)
                  | [demonic ancestry]
 41974 | Vaults:2 | Reached XP level 19. HP: 136/136 MP: 28/28
 42581 | Vaults:2 | Reached skill level 5 in Hexes
 42887 | Vaults:2 | Reached skill level 13 in Summonings
 43078 | Vaults:3 | Found Kurghal's Antique Weapon Shop.
 43147 | Vaults:3 | Found a staircase to the Crypt.
 43155 | Vaults:3 | Reached skill level 5 in Spellcasting
 43299 | Vaults:3 | Reached skill level 5 in Translocations
 45367 | Vaults:4 | Gained mutation: You are immune to clouds of flame.
                  | [demonic ancestry]
 45367 | Vaults:4 | Reached XP level 20. HP: 88/144 MP: 23/29
 46036 | Vaults:4 | Reached skill level 15 in Fighting
 46202 | Vaults:4 | Learned a level 6 spell: Shadow Creatures
 46591 | Elf:1    | Entered Level 1 of the Elven Halls
 46787 | Elf:1    | Reached skill level 14 in Summonings
 46789 | Elf:1    | Reached skill level 10 in Dodging
 47944 | Elf:2    | Found a frozen archway.
 47973 | IceCv    | Entered an ice cave
 49236 | Elf:2    | Identified a scroll of acquirement
 49243 | Elf:2    | Acquired 985 gold pieces
 49440 | Elf:2    | Found a huge runed translucent gate.
 49440 | Elf:2    | Found a huge runed translucent gate.
 49440 | Elf:2    | Found a huge runed translucent gate.
 49440 | Elf:2    | Found a huge runed translucent gate.
 49440 | Elf:2    | Found a huge runed translucent gate.
 49591 | Elf:3    | Entered Level 3 of the Elven Halls
 50515 | Elf:3    | Identified the +9 short sword of gameguard's Woe {speed,
                  | rF+ Int+4}
 51073 | Elf:3    | Reached XP level 21. HP: 105/153 MP: 19/31
 51279 | Elf:3    | Identified the cursed +1 lajatang of the Pyrrhic Victory
                  | {elec, rF+ rC+}
 51928 | Elf:3    | Reached skill level 15 in Summonings
 52000 | Elf:3    | Identified Tol Xymp's Grimoire of Air and Dislocation
 52515 | Depths:1 | Entered Level 1 of the Depths
 52526 | Depths:1 | Found a gateway to Hell.
 52538 | Depths:1 | Found a one-way gate to the infinite horrors of the Abyss.
 52777 | Depths:1 | Found Xudaerom's Gadget Shoppe.
 52778 | Depths:1 | Found Zillazi's Jewellery Boutique.
 52778 | Depths:1 | Found Zimarof's Jewellery Boutique.
 52786 | Depths:1 | Bought a wand of iceblast (10) for 196 gold pieces
 52786 | Depths:1 | Bought a wand of acid (10) for 392 gold pieces
 53363 | Depths:1 | Reached skill level 1 in Transmutations
 53363 | Depths:1 | Reached skill level 1 in Earth Magic
 53474 | Depths:1 | Identified the +6 trident of the Foremost Thickets {speed,
                  | *Contam rElec Str-3 Int+9}
 53953 | Depths:2 | Noticed a juggernaut
 53965 | Depths:2 | Killed a juggernaut
 54500 | Depths:2 | Reached skill level 5 in Transmutations
 54500 | Depths:2 | Reached skill level 5 in Earth Magic
 54609 | Depths:2 | Learned a level 6 spell: Statue Form
 54772 | Depths:2 | Noticed Mara
 54791 | Depths:2 | Noticed gameguard's illusion
 54792 | Depths:2 | Reached XP level 22. HP: 102/162 MP: 6/34
 55604 | Depths:2 | Noticed gameguard's illusion
 55611 | Depths:2 | Killed Mara
 55674 | Depths:2 | Identified the +1 leather armour "Qousol Ragri" {Dex+3}
                  | (You found it on level 2 of the Depths)
 56309 | Depths:3 | Found a one-way gate leading to the halls of Pandemonium.
 56397 | Depths:3 | Identified the ring of Bimag {Fire rN+ Int+3}
 56558 | Depths:3 | Identified the +1 hand axe "Vaegyu" {venom, Dex+3}
 56609 | Depths:3 | Noticed a caustic shrike
 56620 | Depths:3 | Killed a caustic shrike
 57143 | Depths:3 | Identified the ring "Xiemm" {Ice Str+2}
 57387 | Depths:3 | Identified the cursed +0 great sword of Yredelemnul's
                  | Delight {vorpal, rF++ Int+3 Dex-5}
 57552 | Depths:3 | Noticed a caustic shrike
 57557 | Depths:3 | Noticed a juggernaut
 57559 | Depths:3 | Killed a caustic shrike
 57571 | Depths:3 | Killed a juggernaut
 57930 | Depths:3 | Identified the Guide on Ensnaring Creation
 59058 | Depths:4 | Reached skill level 10 in Earth Magic
 59079 | Depths:4 | Reached skill level 10 in Transmutations
 59109 | Depths:4 | Found the +2 cloak of the Thief {*Fog Slay-2 SInv Stlth+}
 59114 | Depths:4 | Reached XP level 23. HP: 169/169 MP: 35/35
 59148 | Depths:4 | Found the +5 robe of Night {Dark Will+ SInv}
 59148 | Depths:4 | Found a shadowy altar of Dithmenos.
 60140 | Depths:4 | Found an iron altar of Okawaru.
 60516 | Depths:5 | Entered Level 5 of the Depths
 61090 | Depths:5 | Found a runed translucent gate.
 61091 | Depths:5 | Found a runed translucent gate.
 61091 | Depths:5 | Found a runed translucent gate.
 61341 | Depths:5 | Found a gateway to a ziggurat.
 61422 | Depths:5 | Noticed a juggernaut
 61429 | Depths:5 | Killed a juggernaut
 61962 | Depths:5 | Found a gate to the Realm of Zot.
 62254 | Depths:5 | Learned a level 1 spell: Apportation
 62263 | Depths:5 | Found a runed translucent gate.
 62263 | Depths:5 | Found a runed translucent gate.
 62263 | Depths:5 | Noticed Usuebad's ghost (adept DgCj)
 62272 | Depths:5 | Found a runed translucent gate.
 62651 | Crypt:1  | Entered Level 1 of the Crypt
 62749 | Crypt:1  | Gained mutation: You are completely covered in sharp
                  | spines. [demonic ancestry]
 62749 | Crypt:1  | Reached XP level 24. HP: 180/180 MP: 35/35
 62968 | D:14     | Learned a level 5 spell: Lee's Rapid Deconstruction
 63228 | Crypt:1  | Noticed Frederick
 63237 | Crypt:1  | Killed Frederick
 63845 | Crypt:1  | Acquired 893 gold pieces
 64617 | Crypt:2  | Found the cursed necklace of Bloodlust {*Rage +Rage Will++
                  | Int-3 Slay+6 *Curse}
 64637 | Crypt:2  | Reached skill level 16 in Summonings
 65001 | Crypt:3  | Entered Level 3 of the Crypt
 65189 | Crypt:3  | Identified the ring of Xom's Entertainment {*Tele +Inv
                  | Str+3 Dex-3} (You found it on level 3 of the Crypt)
 65695 | Crypt:3  | Got a crude platinum ring
 65696 | Crypt:3  | Identified the ring of Hayfolun {rElec rC+ rN+ Str+3 Int+2}
                  | (You found it on level 3 of the Crypt)
 65697 | Crypt:3  | Identified the ring of Mistrust {+Inv rN+ Will- Int+2
                  | Dex+2} (You found it on level 3 of the Crypt)
 65698 | Crypt:3  | Identified the ring "Zenian" {+Inv rElec rF+ rN+} (You
                  | found it on level 3 of the Crypt)
 65853 | Crypt:3  | Found a basalt altar of Yredelemnul.
 65853 | Crypt:3  | Noticed an ancient lich
 65864 | Crypt:3  | Killed an ancient lich
 65906 | Crypt:3  | Found a staircase to the Tomb.
 65930 | Crypt:3  | Identified the cursed +1 scale mail of Ceesiur {Will+
                  | Slay+2} (You found it on level 3 of the Crypt)
 66375 | Vaults:5 | Entered Level 5 of the Vaults
 66637 | Vaults:5 | Reached skill level 17 in Summonings
 66642 | Vaults:5 | Identified the +9 falchion "Citsuxov" {freeze, rElec rC+
                  | Str+8 Dex-3}
 66744 | Vaults:5 | Gained mutation: You can hurl damnation. [demonic ancestry]
 66744 | Vaults:5 | Reached XP level 25. HP: 190/190 MP: 32/36
 66799 | Vaults:5 | Identified the +2 great sword of Damp True Grit {vamp,
                  | rPois rC+}
 66809 | Vaults:5 | Reached skill level 10 in Spellcasting
 66920 | Vaults:5 | Identified the cursed +1 hunting sling of Gozag's Hatred
                  | {speed, Str+4}
 66931 | Vaults:5 | Reached skill level 18 in Summonings
 66946 | Vaults:5 | Identified the +11 mace of the Blessed Realm {venom, +Fly
                  | rF- Dex+4}
 67121 | Vaults:5 | Identified the Catalogue of Supportive Arcane Weapons
 67384 | Vaults:5 | Reached skill level 19 in Summonings
 67422 | Vaults:5 | Identified the +6 quarterstaff "Dank" {vorpal, rElec rC-
                  | Str+2}
 67494 | Vaults:5 | Identified Hass's Volume of Congealing Creation
 67710 | Vaults:5 | Got a silver rune of Zot
 67850 | Vaults:5 | Identified the +0 pair of gloves of the Other Side {MP+9}
                  | (You found it on level 5 of the Vaults)
 68013 | Vaults:5 | Reached skill level 20 in Summonings
 68233 | Vaults:5 | Reached XP level 26. HP: 198/198 MP: 38/38
 68416 | Vaults:5 | Noticed an ancient lich
 68430 | Vaults:5 | Killed an ancient lich
 68593 | Vaults:2 | Bought an uncursed ring of resist corrosion for 260 gold
                  | pieces
 68835 | Slime:1  | Entered Level 1 of the Pits of Slime
 69148 | Slime:5  | Entered Level 5 of the Pits of Slime
 69315 | Slime:5  | Found a viscous altar of Jiyva.
 69493 | Slime:5  | Noticed the Royal Jelly
 69890 | Slime:5  | Killed the Royal Jelly
 69943 | Slime:5  | Reached skill level 21 in Summonings
 70081 | Slime:5  | Got a slimy rune of Zot
 70105 | Slime:5  | Identified the amulet of Reirphuce {Acrobat Dex+3} (You
                  | found it on level 5 of the Pits of Slime)
 70124 | Slime:5  | Identified the ring of Ewosteog {rPois Int+3 SInv Stlth-}
                  | (You found it on level 5 of the Pits of Slime)
 70170 | Slime:5  | Identified the +4 chain mail of Toeps {rPois Str-3 SInv
                  | Stlth+} (You found it on level 5 of the Pits of Slime)
 70192 | Slime:5  | Identified the +1 ring mail of the Dolphin {+Inv Int+5
                  | SInv} (You found it on level 5 of the Pits of Slime)
 70423 | D:11     | Learned a level 9 spell: Dragon's Call
 70678 | Zot:1    | Entered Level 1 of the Realm of Zot
 70683 | Zot:1    | Got a fine brass ring
 70684 | Zot:1    | Identified the ring of Achof {Ice rElec} (You found it on
                  | level 1 of the Realm of Zot)
 71299 | Zot:1    | Reached skill level 15 in Dodging
 71596 | Zig:1    | Entered Level 1 of a ziggurat
 71621 | Zig:2    | Entered Level 2 of a ziggurat
 71642 | Zig:3    | Entered Level 3 of a ziggurat
 71675 | Zig:4    | Entered Level 4 of a ziggurat
 71711 | Zig:5    | Entered Level 5 of a ziggurat
 71717 | Zig:5    | Found the +12 Vampire's Tooth {vamp}
 71768 | Zig:6    | Entered Level 6 of a ziggurat
 71798 | Zig:6    | Identified the Catalogue of Dark Ice
 71818 | Zig:6    | Identified the +1 leather armour of a wizard's laboratory
                  | {rN+ Int-2 SInv} (You found it on level 6 of a ziggurat)
 71847 | Zig:7    | Entered Level 7 of a ziggurat
 71912 | Zig:8    | Entered Level 8 of a ziggurat
 71948 | Zig:8    | Identified the Papyrus of Creative Fire
 71987 | Zig:9    | Entered Level 9 of a ziggurat
 72003 | Zig:9    | Reached skill level 22 in Summonings
 72054 | Zig:10   | Entered Level 10 of a ziggurat
 72072 | Zig:10   | Gained mutation: You have an absolutely massive brain. (Int
                  | +6, Wiz) [demonic ancestry]
 72072 | Zig:10   | Reached XP level 27. HP: 203/203 MP: 24/39
 72106 | Zig:10   | Identified Cuiddok's Catalogue of Arcane Weapons and Black
                  | Secrets
 72109 | Zig:10   | Got a bound platinum ring
 72111 | Zig:10   | Identified the amulet "Xaohif Xyjay" {RegenMP rPois SInv
                  | Stlth+} (You found it on level 10 of a ziggurat)
 72112 | Zig:10   | Identified the ring "Loth" {rPois Str+6} (You found it on
                  | level 10 of a ziggurat)
 72113 | Zig:10   | Identified Sif Muna's Tome of Fiery Curses
 72116 | Zig:10   | Identified the ring "Puok Ovu" {rN+ Str+3 Int+3 Dex+3} (You
                  | found it on level 10 of a ziggurat)
 73234 | Zot:3    | Reached skill level 23 in Summonings
 73451 | Zot:3    | Reached skill level 15 in Invocations
 73644 | Zot:3    | Found a huge runed gate.
 73644 | Zot:3    | Found a huge runed gate.
 73644 | Zot:3    | Found a huge runed gate.
 73646 | Zot:3    | Found a huge runed gate.
 73646 | Zot:3    | Found a huge runed gate.
 73648 | Zot:3    | Found a huge runed gate.
 73649 | Zot:3    | Found a huge runed gate.
 73650 | Zot:3    | Found a huge runed gate.
 73652 | Zot:3    | Found a huge runed gate.
 73656 | Zot:3    | Found a huge runed gate.
 73656 | Zot:3    | Found a huge runed gate.
 73656 | Zot:3    | Found a huge runed gate.
 73656 | Zot:3    | Found a huge runed gate.
 73657 | Zot:3    | Found a huge runed gate.
 73658 | Zot:3    | Found a huge runed gate.
 73666 | Zot:3    | Found a huge runed gate.
 73666 | Zot:3    | Found a huge runed gate.
 73832 | Zot:3    | Found a huge runed gate.
 73832 | Zot:3    | Found a huge runed gate.
 73833 | Zot:3    | Found a huge runed gate.
 74753 | Zot:4    | Reached skill level 24 in Summonings
 74759 | Zot:4    | Learned a level 5 spell: Borgnjor's Vile Clutch
 74892 | Zot:4    | Reached skill level 1 in Necromancy
 75112 | Zot:5    | Entered Level 5 of the Realm of Zot
 75195 | Zot:5    | Noticed an ancient lich
 75210 | Zot:5    | Killed an ancient lich
 75411 | Zot:5    | Noticed an orb of fire
 75414 | Zot:5    | Noticed an orb of fire
 75415 | Zot:5    | Noticed an orb of fire
 75419 | Zot:5    | Killed an orb of fire
 75420 | Zot:5    | Reached skill level 5 in Necromancy
 75426 | Zot:5    | Killed an orb of fire
 75427 | Zot:5    | Noticed an ancient lich
 75428 | Zot:5    | Noticed an orb of fire
 75431 | Zot:5    | Gained mutation: Your magical capacity is low. (-10% MP)
                  | [an orb of fire]
 75434 | Zot:5    | Killed an orb of fire
 75436 | Zot:5    | Killed an ancient lich
 75439 | Zot:5    | Killed an orb of fire
 75522 | Zot:5    | Noticed an ancient lich
 75529 | Zot:5    | Noticed an ancient lich
 75534 | Zot:5    | Killed an ancient lich
 75537 | Zot:5    | Noticed an ancient lich
 75539 | Zot:5    | Killed an ancient lich
 75541 | Zot:5    | Killed an ancient lich
 75615 | Zot:5    | Noticed an ancient lich
 75649 | Zot:5    | Killed an ancient lich
 75810 | Zot:5    | Reached skill level 10 in Necromancy
 75923 | Zot:5    | Noticed an ancient lich
 75941 | Zot:5    | Killed an ancient lich
 75969 | Zot:5    | Noticed an ancient lich
 75978 | Zot:5    | Killed an ancient lich
 75979 | Zot:5    | Noticed an orb of fire
 75989 | Zot:5    | Killed an orb of fire
 76280 | Zot:5    | Lost mutation: Your magical capacity is low. (-10% MP)
                  | [potion of mutation]
 76280 | Zot:5    | Gained mutation: You tend to lose your temper in combat.
                  | [potion of mutation]
 76280 | Zot:5    | Gained mutation: You passively map a small area around you.
                  | [potion of mutation]
 76280 | Zot:5    | Gained mutation: Your muscles are strong. (Str +2) [potion
                  | of mutation]
 76280 | Zot:5    | Gained mutation: You expend magic power (3 MP) to
                  | strengthen your wands. [potion of mutation]
 76281 | Zot:5    | Lost mutation: You passively map a small area around you.
                  | [potion of mutation]
 76281 | Zot:5    | Lost mutation: You expend magic power (3 MP) to strengthen
                  | your wands. [potion of mutation]
 76281 | Zot:5    | Gained mutation: Your magical capacity is low. (-10% MP)
                  | [potion of mutation]
 76281 | Zot:5    | Gained mutation: Your spells are a little harder to cast,
                  | but a little more powerful. [potion of mutation]
 76281 | Zot:5    | Gained mutation: You expend magic power (3 MP) to
                  | strengthen your wands. [potion of mutation]
 76282 | Zot:5    | Lost mutation: Your muscles are strong. (Str +2) [potion of
                  | mutation]
 76282 | Zot:5    | Lost mutation: Your magical capacity is low. (-10% MP)
                  | [potion of mutation]
 76282 | Zot:5    | Gained mutation: Your mind is acute. (Int +2) [potion of
                  | mutation]
 76282 | Zot:5    | Gained mutation: You evolve. [potion of mutation]
 76283 | Zot:5    | Lost mutation: Your mind is acute. (Int +2) [potion of
                  | mutation]
 76283 | Zot:5    | Lost mutation: You expend magic power (3 MP) to strengthen
                  | your wands. [potion of mutation]
 76283 | Zot:5    | Lost mutation: Your spells are a little harder to cast, but
                  | a little more powerful. [potion of mutation]
 76283 | Zot:5    | Gained mutation: Your flesh is cold resistant. (rC+)
                  | [potion of mutation]
 76283 | Zot:5    | Gained mutation: You are robust. (+10% HP) [potion of
                  | mutation]
 76283 | Zot:5    | Gained mutation: You have sharp toenails. [potion of
                  | mutation]
 76283 | Zot:5    | Gained mutation: You have razor-sharp toenails. [potion of
                  | mutation]
 76284 | Zot:5    | Lost mutation: You evolve. [potion of mutation]
 76284 | Zot:5    | Lost mutation: You have razor-sharp toenails. [potion of
                  | mutation]
 76284 | Zot:5    | Gained mutation: Your mind is acute. (Int +2) [potion of
                  | mutation]
 76284 | Zot:5    | Gained mutation: Your system is resistant to poisons.
                  | (rPois) [potion of mutation]
 76284 | Zot:5    | Gained mutation: You evolve. [potion of mutation]
 76314 | Zot:5    | Got the Orb of Zot
 76911 | D:$      | Escaped with the Orb!

Illustrated notes

Levels and vault maps discovered:
D:1:      minmay_arrival_five_plusses, layout_basic
D:2:      layout_basic, nzn_hepliaklqana_mist_gate
D:3:      layout_basic, nicolae_overflow_hidden_temple, gup_sewer_entry_spiral
D:4:      layout_loops_cross, minmay_misc_feat_nine_boxes
D:5:      layout_basic, fedhas_altar_2, uniq_duvessa
D:6:      layout_loops_ring, lemuel_doored_altar, serial_park_tiny_2
D:7:      layout_cave_pools, trog_eyes_of_draining, marbit_many_paths,
          lemuel_round_altar, minmay_temple_entry_arrows, basic_altar,
          minmay_joined_circles
D:8:      layout_rooms, eat_drink_and_be_merry_uskayaw, uniq_pikel
D:9:      layout_cave_pools, vehumet_statue, serial_shops,
          nicolae_shop_competitors_out_of_business
D:10:     layout_cave_pools, serial_shops, nicolae_shop_crystal, uniq_grum,
          uniq_fannar
D:11:     layout_gridville, due_lair_maze_entry_diamond, serial_shops, shop,
          uniq_sonja
D:12:     layout_long_grid, erik_orc_3
D:13:     layout_gridville, ebering_ghost_gozag, uniq_maurice
D:14:     layout_gridville, david_vaults_2, hangedman_decor_opposing,
          minmay_guarded_unrand_resistance
D:15:     grunt_enter_depths_hoard, layout_irregular_city,
          chequers_serial_rivers_small_a, basic_altar
Temple:   dshaligram_water_room_temple
Lair:1:   layout_gridlike, grunt_forest_large_clearing_hut, grunt_megastairs_1,
          infiniplex_staircase_pool, lemuel_fruit_tree
Lair:2:   layout_regular_city, minmay_shoals_entry_beasts
Lair:3:   layout_cave_pods, dummy_spider_entry, minivault_29,
          grunt_megastairs_5, infiniplex_staircase_pool_2, lemuel_fruit_fields,
          uniq_gastronok
Lair:4:   layout_roguey, chequers_serial_rivers_micro_a, grunt_megastairs_3
Lair:5:   layout_small_grid, slime_altar_1, uniq_josephine, uniq_urug
Lair:6:   due_jungle_book, layout_regular_city, st_stairs_4
Shoals:1: layout_shoals, uniq_frances, uniq_nikola
Shoals:2: layout_shoals, serial_shops, shop
Shoals:3: layout_shoals, nicolae_shoals_so_close
Shoals:4: shoals_end_grunt_ice, layout_shoals, nicolae_shoals_water_shrine
Spider:1: layout_spider_delve, drop_trap
Spider:2: layout_spider_delve
Spider:3: layout_spider_delve
Spider:4: floodkiller_spider_rune_tomb
Slime:1:  layout_caves
Slime:2:  layout_caves, cheibrodos_slime_lost_civilization_7
Slime:3:  layout_caves
Slime:4:  layout_caves
Slime:5
Orc:1:    orc_temple, layout_caves, minmay_orc_barracks
Orc:2:    grunt_orc_cross, layout_caves, basic_altar, nicolae_orc_lost_temple,
          uniq_jorgrun
Elf:1:    minmay_elf_arrival_circle, layout_geoelf_octagon,
          hangedman_elf_represent, einodemon_armed_red_devil_minivault
Elf:2:    layout_geoelf_grid, portal_ice_cave_entry_pillars_1
Elf:3:    minmay_elf_hall_hex, layout_geoelf_castle, grunt_ministairs_13
Vaults:1: vaults_room_door_hall, special_room_vaults [special_room_orc],
          v_pattern_4, nicolae_vaults_alarming, vaults_room_hallway,
          vaults_dpeg_ring, nicolae_vaults_little_squares_3,
          vaults_mumra_hexcomb, vaults_room_door_hall,
          layout_vaults_chaotic_city, serial_shops, shop_fountains,
          uniq_saint_roka
Vaults:2: ontoclasm_vaults_ligature, hangedman_vaults_trim, serial_ice_h,
          v_misc_2, nicolae_vaults_what_the_h, nicolae_vaults_three_branches,
          grunt_vaults_hallway_short, v_misc_26, hangedman_vaults_corner,
          vaults_dpeg_spiral, v_misc_25, vaults_mumra_chevron, vaults_room_grid,
          layout_vaults_omnigrid, serial_shops, shop
Vaults:3: nicolae_vaults_rhombus_7, v_misc_1, v_misc_33,
          vaults_standard_mumra_enter_the_diamond,
          minmay_crypt_entry_simple_round, nicolae_vaults_circle_grid_b,
          grunt_vaults_funnel, nicolae_vaults_yaktaur_gun_rack,
          hangedman_vaults_river_flow, vaults_room_stairs_pillars,
          vaults_dpeg_cross, layout_vaults_ring, serial_shops, shop
Vaults:4: nicolae_vaults_back_hallway, nicolae_vaults_mini_display_case,
          grunt_vaults_diagonal, v_rooms_6, hangedman_vaults_nails,
          vaults_mumra_minichess, hangedman_vaults_corner_blocks,
          nicolae_vaults_rhombus_6, vaults_room_grid, hangedman_vaults_trim,
          nicolae_vaults_little_squares_3, v_misc_19, v_pattern_2,
          vaults_room_stairs_pillars, nicolae_vaults_ring_of_whatevers,
          layout_vaults_omnibox
Vaults:5
Crypt:1:  layout_misc_corridors, grunt_crypt_arrival_split, grunt_megastairs_4,
          uniq_frederick
Crypt:2:  layout_chaotic_city, st_stairs_9
Crypt:3:  cryptofortress_bobbens
Depths:1: layout_cross, glass_columns_a, hell_entry, abyss_entry,
          hangedman_aviary, minmay_shop_grove
Depths:2: minmay_the_grid_triangle_9x9_rhombus_thin_mashed
          [minmay_the_grid_triangle_9x9_alien,
          minmay_the_grid_triangle_9x9_prize_center,
          minmay_the_grid_triangle_9x9_longest,
          minmay_the_grid_triangle_9x9_dagger], layout_cave_pools,
          grunt_decor_one_mirror, hell_entry, infiniplex_staircase_river,
          uniq_mara
Depths:3: hangedman_pleasuredromes, hell_entry, abyss_entry, pan_entry
Depths:4: regret_index_dithmenos_brocken_genspenst, layout_basic,
          grunt_hell_horde, abyss_entry_small_statue_room,
          okawaru_ov_weapons_minmay, hangedman_abyss_or_decor_stagger,
          chequers_serial_rivers_room_b, minmay_staircase_windowed_small
Depths:5: grunt_zot_entry_bicorn, layout_long_grid, enter_ziggurat_e,
          chequers_serial_rivers_large_a, pf_hell_entry_great_geh,
          ploomutoo_gammafunk_ghost_potion_laboratory,
          hangedman_stitches_earthworm
Zot:1:    kennysheep_room_grid, layout_basic
Zot:2:    layout_basic, grunt_ministairs_7
Zot:3:    layout_basic, door_vault
Zot:4:    layout_gridlike
Zot:5:    layout_misc_corridors

Skill      XL: |  1  2  3  4  5  6  7  8  9 10 11 12 13 14 15 16 17 18 19 20 21 22 23 24 25 26 27 |
---------------+----------------------------------------------------------------------------------+-----
Dodging        | 1 2 3 4 6 8 9 11 12 13 14 15 16 | 16.2
Fighting       | 2 3 4 5 7 8 9 10 11 12 13 14 15 16 17 19 20 21 | 21.5
Evocations     | 4 5 6 7 8 9 10 11 | 11.0
Armour         | 2 4 6 |  6.0
Polearms       | 1 3 4 6 7 9 10 11 12 13 14 | 14.0
Shields        | 1 4 6 7 8 10 11 12 13 15 | 15.0
Invocations    | 4 7 10 11 12 14 15 | 15.0
Spellcasting   | 2 4 6 7 8 9 11 12 13 | 13.0
Summonings     | 2 6 9 12 13 14 15 17 20 22 24 | 24.7
Translocations | 2 4 6 8 9 |  9.0
Hexes          | 1 4 6 |  6.0
Air Magic      | 1 4 |  4.0
Transmutations | 5 10 11 | 11.0
Earth Magic    | 5 10 12 13 | 13.0
Necromancy     | 11 | 11.6
Stealth        | |  0.8

Action                   |  1- 3 |  4- 6 |  7- 9 | 10-12 | 13-15 | 16-18 | 19-21 | 22-24 | 25-27 || total
-------------------------+-------+-------+-------+-------+-------+-------+-------+-------+-------++-------
Melee: Short sword       |   162 |    69 |       |       |       |       |       |       |       ||   231
       Demon trident     |       |    49 |   200 |   469 |   958 |  1118 |  1119 |  1163 |   953 ||  6029
 Fire: Hunting sling     |       |    20 |       |       |       |       |       |       |       ||    20
Throw: Stone             |     3 |       |       |       |       |       |       |       |       ||     3
       Dart              |       |       |       |     4 |    15 |    12 |     4 |     5 |       ||    40
 Cast: Summon Lightning  |       |       |       |       |       |     4 |    14 |     2 |       ||    20
       Summon Mana Viper |       |       |       |       |       |     2 |    72 |    37 |    21 ||   132
       Summon Guardian G |       |       |       |       |       |     2 |    18 |     1 |       ||    21
       Summon Forest     |       |       |       |       |       |     1 |    67 |    40 |    14 ||   122
       Shadow Creatures  |       |       |       |       |       |       |     7 |    51 |    30 ||    88
       Statue Form       |       |       |       |       |       |       |       |    28 |    58 ||    86
       Apportation       |       |       |       |       |       |       |       |     6 |       ||     6
       Lee's Rapid Decon |       |       |       |       |       |       |       |     9 |     3 ||    12
       Dragon's Call     |       |       |       |       |       |       |       |       |    28 ||    28
       Passage of Golubr |       |       |       |       |       |       |       |       |     4 ||     4
       Blink             |       |       |       |       |       |       |       |       |     1 ||     1
       Borgnjor's Vile C |       |       |       |       |       |       |       |       |     1 ||     1
Invok: Recall Ancestor   |       |     1 |     4 |     2 |     7 |     6 |    12 |     4 |    10 ||    46
       Ancestor Life: Ba |       |     1 |       |       |       |       |       |       |       ||     1
       Idealise          |       |       |       |       |     3 |     6 |     5 |     3 |     7 ||    24
       Transference      |       |       |       |       |     1 |       |       |     1 |     1 ||     3
 Abil: Stop Flying       |       |       |       |       |     1 |     7 |     2 |       |     1 ||    11
       Evoke Flight      |       |       |       |       |       |     7 |     2 |     1 |       ||    10
       End Transformatio |       |       |       |       |       |       |       |     2 |     8 ||    10
Evoke: Wand              |     2 |     1 |     8 |    20 |    22 |    32 |    11 |     9 |    16 ||   121
       Box of beasts     |       |       |       |     2 |     1 |     1 |     1 |       |     1 ||     6
       Phantom mirror    |       |       |       |       |     1 |     1 |     1 |       |       ||     3
       Condenser vane    |       |       |       |       |     1 |     5 |     3 |     5 |     6 ||    20
       Tin of tremorston |       |       |       |       |       |    11 |     6 |     8 |     5 ||    30
       Phial of floods   |       |       |       |       |       |     2 |       |       |       ||     2
  Use: Scroll            |     6 |     3 |     2 |    25 |    10 |     7 |     9 |    18 |    22 ||   102
       Potion            |       |       |       |       |     3 |     9 |       |     1 |     9 ||    22
 Stab: Sleeping          |       |     3 |     5 |       |     2 |     3 |     1 |     2 |       ||    16
       Distracted        |       |       |     3 |     8 |    19 |    19 |    30 |    25 |    24 ||   128
       Paralysed         |       |       |       |     8 |     4 |       |       |       |       ||    12
       Invisible         |       |       |       |       |       |     1 |       |       |       ||     1
Armor: Leather armour    |     4 |     4 |    16 |       |     2 |       |       |       |       ||    26
       Scale mail        |    73 |    21 |       |       |    16 |       |       |       |       ||   110
       Ring mail         |       |       |    15 |    69 |   108 |   146 |    88 |    64 |    33 ||   523
       Plate armour      |       |       |       |       |    32 |       |       |       |       ||    32
       Skin              |       |       |       |       |       |       |       |   158 |   242 ||   400
Dodge: Dodged            |    99 |    19 |    52 |    69 |   155 |   252 |   268 |   513 |   590 ||  2017
Block: Other             |    15 |    16 |    23 |     6 |       |       |       |       |       ||    60
       Reflection        |       |       |     2 |     4 |    33 |   109 |   121 |    31 |       ||   300
       Tower shield      |       |       |       |   289 |   388 |       |       |       |       ||   677
       Kite shield       |       |       |       |       |   214 |   749 |   581 |   835 |   591 ||  2970

Table legend: (Time is in decaauts)
 A = Elapsed time spent in this place.
 B = Non-inter-level travel time spent in this place.
 C = Inter-level travel time spent in this place.
 D = Time resting spent in this place.
 E = Time spent auto-exploring this place.
 F = Levels seen in this place.
 G = Mean time per level.
                   A        B        C        D        E       F      G
               +--------+--------+--------+--------+--------+-----+--------+
         Total |  77544 |  70437 |   7107 |   8657 |  37826 |  70 | 1107.8 |
       Dungeon |  18419 |  15953 |   2466 |   2123 |   9291 |  15 | 1227.9 |
        Temple |     16 |     16 |      0 |      0 |      0 |   1 |   16.0 |
          Lair |   8351 |   7367 |    984 |    894 |   4444 |   6 | 1391.8 |
        Shoals |   5526 |   5387 |    139 |    697 |   2677 |   4 | 1381.5 |
   Spider Nest |   5216 |   4885 |    331 |   1474 |   1869 |   4 | 1304.0 |
    Slime Pits |   1510 |   1445 |     65 |    198 |    366 |   5 |  302.0 |
  Orcish Mines |   2613 |   2170 |    443 |    385 |    943 |   2 | 1306.5 |
   Elven Halls |   4931 |   4780 |    151 |    192 |   2997 |   3 | 1643.7 |
        Vaults |  10283 |   9096 |   1187 |    424 |   5606 |   5 | 2056.6 |
         Crypt |   3545 |   3325 |    220 |    340 |   1888 |   3 | 1181.7 |
        Depths |   9553 |   8702 |    851 |   1304 |   4150 |   5 | 1910.6 |
           Zot |   5444 |   5178 |    266 |    344 |   2862 |   5 | 1088.8 |
      Ziggurat |    728 |    728 |      0 |      9 |    176 |  10 |   72.8 |
         Sewer |    718 |    718 |      0 |    110 |    369 |   1 |  718.0 |
      Ice Cave |    685 |    685 |      0 |    162 |    185 |   1 |  685.0 |
               +--------+--------+--------+--------+--------+-----+--------+

Top non-repeatable levels by time:
Vaults:1: 2750 daAuts
   Elf:3: 2664 daAuts
Spider:4: 2437 daAuts
Vaults:5: 2221 daAuts
Depths:2: 2215 daAuts
  Lair:3: 2196 daAuts
Depths:5: 2103 daAuts
    D:14: 2025 daAuts
Shoals:4: 1980 daAuts
Vaults:2: 1954 daAuts
Depths:4: 1949 daAuts
Depths:3: 1866 daAuts
  Lair:6: 1863 daAuts
Vaults:4: 1805 daAuts
    D:15: 1796 daAuts
